 Dungeon Crawl Stone Soup version 0.22-a0-815-gb582571 (webtiles) character file.

2 BaronVonScrub the Caller (level 1, -4/13 HPs)
             Began as a Mummy Summoner on July 23, 2018.
             Slain by a gnoll
             ... wielding a +0 whip
              (8 damage)
             ... on level 1 of the Dungeon.
             The game lasted 00:00:28 (37 turns).

BaronVonScrub the Caller (Mummy Summoner)             Turns: 37, Time: 00:00:28

Health: -4/13      AC:  2    Str: 11    XL:     1   Next: 25%
Magic:  0/4        EV: 12    Int: 14    God:
Gold:   0          SH:  0    Dex: 12    Spells: 4/5 levels left

rFire    x . .     SeeInvis .   (no weapon)
rCold    + . .     Gourm    .   (no shield)
rNeg     + + +     Faith    .   a - +0 robe
rPois    ∞         Spirit   .   (no helmet)
rElec    .         Reflect  .   (no cloak)
rCorr    .         Harm     .   (no gloves)
MR       .....                  (no boots)
Stlth    ++........             (no amulet)
HPRegen  0.04/turn              (no ring)
MPRegen  0.09/turn              (no ring)

@: very slightly contaminated
A: no food or potions, fire vulnerability, cold resistance 1, negative energy
resistance 3, torment resistance, unbreathing
a: no special abilities


You were on level 1 of the Dungeon.
You were not hungry.

You visited 1 branch of the dungeon, and saw 1 of its levels.

Inventory:

Armour
 a - a +0 robe (worn)


   Skills:
 + Level 1.5 Dodging
 + Level 1.5 Stealth
 + Level 2.8 Spellcasting
 + Level 3.3 Summonings


You had 4 spell levels left.
You knew the following spells:

 Your Spells              Type           Power        Failure   Level  Hunger
a - Summon Small Mammal   Summ           ##..         5%          1    N/A

Your spell library contained the following spells:

 Spells                   Type           Power        Failure   Level  Hunger
 Summon Ice Beast         Ice/Summ       #.......     73%         4    N/A
 Call Imp                 Summ           ##......     9%          2    N/A
 Call Canine Familiar     Summ           ##......     17%         3    N/A
 Summon Lightning Spire   Summ/Air       #.......     73%         4    N/A
 Summon Guardian Golem    Hex/Summ       #.......     32%         3    N/A

Dungeon Overview and Level Annotations

Branches:
Dungeon (1/15)

Altars:


Innate Abilities, Weirdness & Mutations

You do not eat or drink.
Your flesh is vulnerable to fire.
You are immune to poison.
Your flesh is cold resistant. (rC+)
You are immune to negative energy. (rN+++)
You are immune to unholy pain and torment.
You can survive without breathing.


Message History

Your rat's corpse disappears in a puff of smoke!
Your quokka bites the leopard gecko.
The leopard gecko dies!
Your quokka bites the gnoll.
You hit the gnoll.
The gnoll is moderately wounded.
The gnoll hits you with a whip!
Ouch! That really hurt!
Your quokka bites the gnoll.
You hit the gnoll but do no damage.
The gnoll is severely wounded.
The gnoll hits you with a whip.
Your quokka barely misses the gnoll.
Casting: Summon Small Mammal (safe; 5% risk of failure)
Confirm with . or Enter, or press ? or * to list all spells.
You don't know that spell.
You closely miss the gnoll.
The gnoll is severely wounded.
Your quokka bites the gnoll.
The gnoll hits you with a whip!
Ouch! That really hurt!
You die...

#......# #......#
+......# #......# #.#
#.# #.#######
#.g.....## #r@.......
####.......###
#+######............#
.......#.≈≈≈≈≈≈≈≈≈≈.#
........≈........≈.#
...#.≈≈.≈.≈≈.....≈.#
#.≈..≈>.≈.....≈.#
#.≈..≈≈.≈.≈≈..≈.#.
#.≈.....≈.<≈..≈...


You could see a gnoll and a friendly quokka.

Vanquished Creatures (collateral kills)
  A leopard gecko (D:1)
  A frilled lizard (D:1)
2 creatures vanquished.

Notes
Turn   | Place    | Note
-------+----------+-------------------------------------------
     0 | D:1      | BaronVonScrub the Mummy Summoner began the quest for the Orb.
     0 | D:1      | Reached XP level 1. HP: 13/13 MP: 4/4
    37 | D:1      | Slain by a gnoll

Vault maps used:
D:1:      ebering_trefoil_twist

Action                   || total
-------------------------++-------
Melee: Unarmed           ||     3
 Cast: Summon Small Mamm ||     4
Armor: Robe              ||     2
Dodge: Dodged            ||     3

Table legend:
 A = Spawn XP
 B = Non-spawn XP
 C = Spawn XP percentage of total XP
 D = Spawn monster count
 E = Non-spawn monster count
 F = Spawn count percentage of total count
 G = Total turns spent on level
                    A         B        C        D         E        F      G
               +---------+---------+-------+---------+---------+-------+---------
         Total |       0 |       3 |   0.0 |       0 |       2 |   0.0 |    37
               +---------+---------+-------+---------+---------+-------+---------
           D:1 |       0 |       3 |   0.0 |       0 |       2 |   0.0 |    37
               +---------+---------+-------+---------+---------+-------+---------
